 Seeded DCSS version 0.29.1-15-g9cfb28693d (webtiles) character file.

Game seed: 131 (custom seed)

10 blackman0220 the Grave Robber (level 2, 0/19 HPs)
             Began as a Vampire Necromancer on Apr 11, 2023.
             Slain by a jackal (2 damage)
             ... on level 2 of the Dungeon.
             The game lasted 00:04:34 (267 turns).

blackman0220 the Grave Robber (Vampire Necromancer)  Turns: 267, Time: 00:04:34

Health: 0/19       AC:  4    Str:  7    XL:     2   Next: 10%
Magic:  2/5        EV: 12    Int: 17    God:
Gold:   18         SH:  0    Dex: 14    Spells: 4/5 levels left

rFire   . . .      SeeInvis +   d - +0 dagger
rCold   . . .      Faith    .   (no shield)
rNeg    . . .      Spirit   .   a - +0 robe
rPois   .          Reflect  .   (no helmet)
rElec   .          Harm     .   (no cloak)
rCorr   .          Rampage  +   (no gloves)
Will    .....                   f - +1 pair of boots of Lust {Rampage SInv}
Stlth   ++........              (no amulet)
HPRegen 0.26/turn               (no ring)
MPRegen 0.09/turn               (no ring)

@: healing quickly
A: alive, fangs 3, see invisible, vampiric 1
a: Exsanguinate


You were on level 2 of the Dungeon.
You visited 1 branch of the dungeon, and saw 2 of its levels.

You collected 18 gold pieces.

Inventory:

Hand Weapons
 d - a +0 dagger (weapon)
Armour
 a - a +0 robe (worn)
 f - the +1 pair of boots of Lust (worn) {Rampage SInv}
   (You found it on level 2 of the Dungeon)

   SInv:      It lets you see invisible.
   Rampage:   It bestows one free step when moving towards enemies.
Scrolls
 g - a scroll of teleportation {unknown}
Potions
 c - a potion of heal wounds {unknown}
 e - a potion of flight {unknown}


   Skills:
 + Level 2.2 Dodging
 + Level 3.0 Stealth
 + Level 2.1 Spellcasting
 + Level 4.8 Necromancy


You had 4 spell levels left.
You knew the following spells:

 Your Spells              Type           Power      Damage    Failure   Level
a - Necrotise             Necr           72%        1d7       2%          1

Your spell library contained the following spells:

 Spells                   Type           Power      Damage    Failure   Level
 Vampiric Draining        Necr           18%        2d7       8%          3
 Animate Dead             Necr           18%        N/A       26%         4
 Agony                    Necr           18%        N/A       58%         5


Dungeon Overview and Level Annotations

Branches:
Dungeon (2/15)

Altars:


Innate Abilities, Weirdness & Mutations

Your natural rate of healing is accelerated.
You have razor-sharp teeth.
You have supernaturally acute eyesight. (SInv)
You are afflicted with vampirism.


Message History

Casting: Necrotise (safe; 2% risk of failure)
Confirm with . or Enter, or press ? or * to list all spells.
Aiming: Necrotise (safe; 2% risk of failure)
Press: ? - help, Shift-Dir - straight line, f - jackal
Aim: a jackal (severely wounded, chance to affect: 88%)
The jackal barely resists.
Your jackal skeleton misses the jackal.
The jackal closely misses you.
The jackal bites you but does no damage.
The jackal bites you.
* * * LOW HITPOINT WARNING * * *
Your jackal skeleton closely misses the jackal.
Casting: Necrotise (safe; 2% risk of failure)
Confirm with . or Enter, or press ? or * to list all spells.
Aiming: Necrotise (safe; 2% risk of failure)
Press: ? - help, Shift-Dir - straight line, f/p - jackal
Aim: a jackal (severely wounded, chance to affect: 88%)
The jackal writhes in agony.
You kill the jackal!
The dead are walking!
The jackal bites you but does no damage.
The jackal barely misses you.
Your jackal skeleton barely misses the jackal.
The jackal bites you.
* * * LOW HITPOINT WARNING * * *
The jackal bites you.
* * * LOW HITPOINT WARNING * * *
The jackal attacks as you move away!
The jackal bites you but does no damage.
The jackal barely misses your jackal skeleton.
Your jackal skeleton bites the jackal.
Your jackal skeleton barely misses the jackal.
Your jackal skeleton barely misses the jackal.
Your jackal skeleton closely misses the jackal.
Your jackal skeleton misses the jackal.
The jackal closely misses you. The jackal attacks as you move away!
The jackal barely misses you.
Your jackal skeleton bites the jackal but does no damage.
Your jackal skeleton closely misses the jackal.
The jackal bites you but does no damage.
The jackal attacks as you move away! The jackal bites you.
You die...

.# .# .# ##.# ...#
###..###### #.#.#
#####.......... ..#.#
..[...#@.# #.#.#
......hh.# #.#.#
..##..#.## #.#.#
#..#Z# ##.#.####
#..#Z##### #....##..
#........####.#.....#
#................####
#..#...............#
.....#..<....###.###.#


You could see 2 jackals and 2 friendly jackal skeletons.

Vanquished Creatures
  A bat (D:1)
  3 giant cockroaches
  2 jackals (D:2)
  A kobold (D:1)
  A frilled lizard (D:1)
8 creatures vanquished.

Notes
Turn   | Place    | Note
-------+----------+-------------------------------------------
     0 | D:1      | blackman0220 the Vampire Necromancer began the quest for
                  | the Orb.
     0 | D:1      | Reached XP level 1. HP: 13/13 MP: 3/3
   134 | D:1      | Found a faded altar of an unknown god.
   231 | D:2      | Identified the +1 pair of boots of Lust {Rampage SInv}
   256 | D:2      | Reached XP level 2. HP: 17/19 MP: 3/5
   267 | D:2      | Slain by a jackal

Illustrated notes

Levels and vault maps discovered:
D:1:      minmay_arrival_checkered_box, layout_loops_ring,
          hellmonk_ecumenical_altar_defaced_shrine
D:2:      layout_loops_ring, minmay_goblin_kobold_house

Action                   || total
-------------------------++-------
Melee: Dagger            ||    15
       Bite              ||     2
 Cast: Necrotise         ||    11
  Use: Potion            ||     1
Armor: Robe              ||    10
Dodge: Dodged            ||    28
